 Dungeon Crawl Stone Soup version 0.22.1-6-g1668fe2c40 (webtiles) character file.

121 Kohma the Poker (level 4, -2/35 HPs)
             Began as a Demonspawn Gladiator on Jan 22, 2019.
             Killed by nerve-wracking pain
             ... invoked by an orc priest
              (13 damage)
             ... on level 2 of the Dungeon.
             The game lasted 00:06:25 (2529 turns).

Kohma the Poker (Demonspawn Gladiator)              Turns: 2529, Time: 00:06:26

Health: -2/35      AC:  8    Str: 15      XL:     4   Next: 76%
Magic:  4/4        EV: 12    Int:  8 (10) God:
Gold:   115        SH:  0    Dex: 13 (14) Spells: 3/3 levels left

rFire    + . .     SeeInvis .   a - +0 trident
rCold    . . .     Gourm    .   (no shield)
rNeg     . . .     Faith    .   h - +1 ring mail {rF+}
rPois    .         Spirit   .   c - +0 helmet
rElec    .         Reflect  .   (no cloak)
rCorr    .         Harm     .   (no gloves)
MR       .....                  (no boots)
Stlth    +.........             (no amulet)
HPRegen  0.11/turn              (no ring)
MPRegen  0.09/turn              (no ring)

@: no status effects
A: rugged brown scales 1, rot immunity
a: no special abilities


You were on level 2 of the Dungeon.
You were not hungry.

You visited 1 branch of the dungeon, and saw 3 of its levels.

You collected 115 gold pieces.

Inventory:

Hand Weapons
 a - a +0 trident (weapon)
Missiles
 d - 3 throwing nets (quivered)
 e - 17 stones
Armour
 b - a +0 leather armour
 c - a +0 helmet (worn)
 h - a +1 ring mail of fire resistance (worn)
Scrolls
 i - a scroll of identify {unknown}
 j - 2 scrolls of enchant armour {unknown}
 m - a scroll of teleportation {unknown}
 p - 2 scrolls of magic mapping {unknown}
 r - a scroll of remove curse {unknown}
 s - a scroll of fear {unknown}
Potions
 g - a potion of agility {unknown}
 k - a potion of ambrosia {unknown}
 n - 2 potions of degeneration
 o - a potion of flight {unknown}
 q - a potion of resistance {unknown}
Comestibles
 f - 2 rations
 t - 6 chunks of flesh


   Skills:
 + Level 2.3 Fighting
 * Level 4.0 Polearms
 - Level 1.7 Throwing
 * Level 2.1 Armour
 + Level 3.0 Dodging
 + Level 0.1 Stealth


You had 3 spell levels left.
You didn't know any spells.
Your spell library was empty.

Dungeon Overview and Level Annotations

Branches:
Dungeon (3/15)

Altars:


Innate Abilities, Weirdness & Mutations

You are partially covered in rugged brown scales. (AC +1, +3% HP)
You are immune to rotting.


Message History

The orc priest is heavily wounded.
The orc priest closely misses you. The orc priest hits you with a flail!
You closely miss the orc priest.
The orc priest is heavily wounded.
The orc priest hits you with a whip.
You puncture the orc priest!
The orc priest is almost dead.
The orc priest hits you but does no damage.
The orc priest completely misses you.
You puncture the orc priest!
You kill the orc priest!
You feel your strength returning.
Your Polearms skill increases to level 4!
Your Armour skill increases to level 2!
Your Dodging skill increases to level 3!
The orc priest barely misses you.
You closely miss the orc priest.
The orc priest calls down the wrath of Beogh upon you.
Pain shoots through your body!
You die...

##.#.###########.############.###
#.#.# #.###########.)... #.#.#
#.##.......##..... #.#.#
#.##.#####.##..... #.#.#
#.##.#...#.##..... #.#.#
#######'##.#.#.#.##..... #.#.#
#..........#.#.#.###.### #.#<#
#..........#.#.#.# #.... #.#.#
#......@...#.#.#.# ##### ##.#.#
#.....[)o..#.#.#.# .....#
#######.##.#.#.#.# ######
#.##.#.#.#.#######
#.##.#............
#.##.#############
###'##..)...รท.....#
#....############.# #....# #.#.#


You could see an orc priest.

Vanquished Creatures
  An orc priest (D:2)
  Terence (D:2)
  2 adders (D:2)
  An ooze (D:2)
  A worm (D:2)
  2 dart slugs
  An orc (D:2)
  5 bats
  6 goblins
  5 hobgoblins
  3 jackals (D:1)
  2 kobolds (D:1)
  4 frilled lizards
  7 rats
41 creatures vanquished.

Notes
Turn   | Place    | Note
-------+----------+-------------------------------------------
     0 | D:1      | Kohma the Demonspawn Gladiator began the quest for the Orb.
     0 | D:1      | Reached XP level 1. HP: 16/16 MP: 1/1
    91 | D:1      | Reached skill level 3 in Polearms
    91 | D:1      | Gained mutation: You are partially covered in rugged brown
                  | scales. (AC +1, +3% HP) [demonic ancestry]
    91 | D:1      | Reached XP level 2. HP: 13/22 MP: 2/2
  1078 | D:2      | Reached XP level 3. HP: 21/27 MP: 3/3
  1220 | D:2      | Reached skill level 1 in Armour
  1503 | D:2      | Noticed Terence
  1514 | D:2      | Killed Terence
  2077 | D:2      | Gained mutation: You are immune to rotting. [demonic
                  | ancestry]
  2077 | D:2      | Reached XP level 4. HP: 33/33 MP: 4/4
  2528 | D:2      | Reached skill level 4 in Polearms
  2529 | D:2      | Killed from afar by an orc priest

Skill      XL: |  1  2  3  4 |
---------------+-------------+-----
Polearms       | 3 4 |  4.0
Armour         | 1 2 |  2.1
Dodging        | 3 |  3.0
Fighting       | |  2.3
Throwing       | |  1.7
Stealth        | |  0.1

Action                   |  1- 3 |  4- 6 || total
-------------------------+-------+-------++-------
Melee: Trident           |   119 |    36 ||   155
  Use: Potion            |       |     3 ||     3
 Stab: Sleeping          |     1 |       ||     1
  Eat: Chunk             |     3 |     2 ||     5
Armor: Leather armour    |    34 |       ||    34
       Ring mail         |     3 |    21 ||    24
Dodge: Dodged            |    72 |    29 ||   101
